 Dungeon Crawl Stone Soup version 0.30-a0-777-ga9a30cbeda (webtiles) character file.

Game seed: 1368267928787070012

33 Smoke131 the Trooper (level 3, 0/37 HPs)
             Began as an Ogre Gladiator on Feb 14, 2023.
             Slain by a gnoll
             ... wielding a +0 whip
              (4 damage)
             ... on level 2 of the Dungeon.
             The game lasted 00:03:34 (1341 turns).

Smoke131 the Trooper (Ogre Gladiator)               Turns: 1341, Time: 00:03:34

Health: 0/37       AC:  3    Str: 18    XL:     3   Next: 29%
Magic:  3/3        EV: 10    Int:  9    God:
Gold:   95         SH:  0    Dex: 12    Spells: 2/2 levels left

rFire   . . .      SeeInvis .    a - +0 flail
rCold   . . .      Faith    .    s - orb {light}
rNeg    . . .      Spirit   .    b - +0 robe
rPois   .          Reflect  .    c - +0 hat
rElec   .          Harm     .    (no cloak)
rCorr   .          Rampage  .    (gloves unavailable)
Will    .....                    (boots unavailable)
Stlth   +                        (no amulet)
HPRegen 0.26/turn                (no ring)
MPRegen 0.08/turn                (no ring)

@: glowing
A: large, unfitting armour, tough skin 1
a: no special abilities


You were on level 2 of the Dungeon.
You visited 1 branch of the dungeon, and saw 2 of its levels.

You collected 95 gold pieces.

Inventory:

Hand Weapons
 a - a +0 flail (weapon)
Missiles
 d - 3 throwing nets
 e - a large rock
 h - 33 stones (quivered)
 u - 4 poisoned darts
Armour
 b - a +0 robe (worn)
 c - a +0 hat (worn)
 s - an orb of light (worn)
Jewellery
 i - a ring of magical power
Wands
 p - a wand of flame (18)
Scrolls
 f - 4 scrolls of poison {unknown}
 g - a scroll of amnesia {unknown}
 j - a scroll of enchant armour {unknown}
 k - a scroll of fear {unknown}
 o - a scroll of teleportation {unknown}
 q - 2 scrolls of identify {unknown}
 r - a scroll of noise {unknown}
 t - a scroll of butterflies {unknown}
Potions
 l - a potion of heal wounds {unknown}
 m - a potion of brilliance {unknown}
 n - a potion of mutation {unknown}


   Skills:
 - Level 3.0 Fighting
 - Level 3.0 Maces & Flails
 + Level 2.9 Throwing
 - Level 3.0 Dodging


You had 2 spell levels left.
You didn't know any spells.
Your spell library was empty.

Dungeon Overview and Level Annotations

Branches:
Dungeon (2/15)

Altars:
Cheibriados


Innate Abilities, Weirdness & Mutations

You are too large for most types of armour.
You have tough skin. (AC +1)


Message History

Found 3 stones.
A quokka is nearby!
The quokka bites you but does no damage.
You hit the quokka.
The quokka is severely wounded.
The quokka bites you. x2
You hit the quokka but do no damage.
The quokka is severely wounded.
The quokka closely misses you.
You barely miss the quokka.
The quokka is severely wounded.
The quokka closely misses you. The quokka bites you.
You sock the quokka!
You kill the quokka!
You see here a quokka corpse.
h - 33 stones (gained 3)
A gnoll comes into view. It is wielding a +0 whip.
The gnoll shouts!
A gnoll comes into view. It is wielding a +0 whip.
A gnoll comes into view. It is wielding a +0 halberd.
The gnoll shouts!
You hear a shout!
A gnoll comes into view. It is wielding a +0 club.
You see here 4 poisoned darts.
u - 4 poisoned darts The gnoll barely misses you.
You barely miss the gnoll. The gnoll hits you with a +0 whip.
The gnoll barely misses you.
You sock the gnoll!
The gnoll is severely wounded.
The gnoll barely misses you.
The gnoll hits you from afar with a +0 halberd!
You barely miss the gnoll.
The gnoll is severely wounded.
The gnoll hits you with a +0 whip!
The gnoll hits you from afar with a +0 halberd!
* * * LOW HITPOINT WARNING * * *
The gnoll attacks as you move away! The gnoll hits you with a +0 whip.
* * * LOW HITPOINT WARNING * * *
The gnoll attacks as you move away! The gnoll hits you with a +0 whip.
You die...

## .# .# .#
#.########.#
#..g.g.gg@.#
#########..#
.........#
.######.##
#.#
#.#######
#.......#
#######.#
#.#


You could see 4 gnolls.

Vanquished Creatures
  2 dart slugs
  5 bats
  5 endoplasms
  3 goblins
  A hobgoblin (D:1)
  4 kobolds
  A quokka (D:2)
  3 ball pythons (D:1)
  A frilled lizard (D:1)
  A rat (D:1)
26 creatures vanquished.

Notes
Turn   | Place    | Note
-------+----------+-------------------------------------------
     0 | D:1      | Smoke131 the Ogre Gladiator began the quest for the Orb.
     0 | D:1      | Reached XP level 1. HP: 22/22 MP: 1/1
    65 | D:1      | Reached XP level 2. HP: 22/31 MP: 2/2
   153 | D:1      | Found a faded altar of an unknown god.
  1034 | D:2      | Reached XP level 3. HP: 26/37 MP: 3/3
  1120 | D:2      | Found a snail-covered altar of Cheibriados.
  1341 | D:2      | Slain by a gnoll

Illustrated notes

Levels and vault maps discovered:
D:1:      wheals_arrival_shading, layout_basic,
          hellmonk_ecumenical_altar_lost_god, hex_medium, minmay_tetromino_i2
D:2:      layout_loops_ring, basic_altar, grunt_decor_resistance,
          due_unseen_surprise

Skill      XL: |  1  2 |
---------------+-------+-----
Fighting       | 3 |  3.0
Maces & Flails | 3 |  3.0
Dodging        | 3 |  3.0
Throwing       | |  2.9

Action                     || total
---------------------------++-------
  Melee: Flail             ||    91
         Punch             ||     1
 Armour: Robe              ||    62
  Dodge: Dodged            ||    74

Table legend: (Time is in decaauts)
 A = Elapsed time spent in this place.
 B = Non-inter-level travel time spent in this place.
 C = Inter-level travel time spent in this place.
 D = Time resting spent in this place.
 E = Time spent auto-exploring this place.
 F = Levels seen in this place.
 G = Mean time per level.
                   A        B        C        D        E       F      G
               +--------+--------+--------+--------+--------+-----+--------+
         Total |   1363 |   1363 |      0 |      0 |    989 |   2 |  681.5 |
       Dungeon |   1363 |   1363 |      0 |      0 |    989 |   2 |  681.5 |
               +--------+--------+--------+--------+--------+-----+--------+

Top non-repeatable levels by time:
     D:1: 966 daAuts
     D:2: 397 daAuts
